 Seeded DCSS version 0.28.0-62-gf88900778d (webtiles) character file.

Game seed: 7721106751639504098 (custom seed)

96215 cbfl8 the Phalangite (level 16, 0/204 HPs)
             Began as a Merfolk Berserker on July 3, 2023.
             Was a High Priest of Trog.
             Slain by a death yak (8 damage)
             ... on level 6 of the Lair of Beasts.
             The game lasted 00:40:13 (32136 turns).

cbfl8 the Phalangite (Merfolk Berserker)           Turns: 32136, Time: 00:40:13

Health: 0/204      AC: 27    Str: 22    XL:     16   Next: 16%
Magic:  16/16      EV: 15    Int: 12    God:    Trog [*****.]
Gold:   1537       SH:  7    Dex: 30    Spells: 15/15 levels left

rFire   + + .      SeeInvis .   a - +4 demon trident (freeze)
rCold   + . .      Faith    +   C - +0 buckler
rNeg    + . .      Spirit   .   k - +7 chain mail of the Untouchables {Int+5}
rPois   +          Reflect  .   K - -2 hat of the Alchemist {rElec rPois rF+ rC+ rN+ Will+ rMut rCorr}
rElec   +          Harm     .   r - +2 cloak {Stlth+}
rCorr   +          Rampage  .   z - +1 pair of gloves
rMut    +          Clarity  +   u - +2 pair of boots {Stlth+}
Will    ++...                   J - amulet of faith
Stlth   ..........              o - ring of Hutzirch {+Blink rElec Dex+6}
HPRegen 0.44/turn               y - ring "Zoutz" {rF+ rCorr Str+2 Dex+6}
MPRegen 0.15/turn

@: berserking (expiring), slowed
A: (nimble swimmer 2), mertail, clarity
a: Renounce Religion, Evoke Blink, Berserk, Trog's Hand, Brothers in Arms


You were on level 6 of the Lair of Beasts.
You worshipped Trog.
Trog was extremely pleased with you.
You visited 2 branches of the dungeon, and saw 21 of its levels.
You also visited: Bailey, Gauntlet and Ice Cave.

You collected 1537 gold pieces.

Inventory:

Hand Weapons
 a - a +4 demon trident of freezing (weapon)
 x - a +1 antimagic spear
Missiles
 s - 3 throwing nets
Armour
 d - a scarf of resistance
 k - the +7 chain mail of the Untouchables (worn) {Int+5}
   (You found it on level 6 of the Lair of Beasts)

   Int:       It affects your intelligence (+5).
 r - a +2 cloak of stealth (worn)
 u - a +2 pair of boots of stealth (worn)
 z - a +1 pair of gloves (worn)
 C - a +0 buckler (worn)
 K - the -2 hat of the Alchemist (worn) {rElec rPois rF+ rC+ rN+ Will+ rMut rCorr}
   (You found it on level 6 of the Lair of Beasts)

   rF:        It protects you from fire.
   rC:        It protects you from cold.
   rElec:     It insulates you from electricity.
   rPois:     It protects you from poison.
   rN:        It protects you from negative energy.
   rCorr:     It protects you from acid and corrosion.
   rMut:      It protects you from mutation.
   Will:      It increases your willpower.
Jewellery
 o - the ring of Hutzirch (left hand) {+Blink rElec Dex+6}
   (You found it on level 4 of the Dungeon)

   [ring of dexterity]

   Dex:       It affects your dexterity (+6).
   rElec:     It insulates you from electricity.
   +Blink:    It lets you blink.
 y - the ring "Zoutz" (right hand) {rF+ rCorr Str+2 Dex+6}
   (You found it in a Gauntlet)

   [ring of dexterity]

   Str:       It affects your strength (+2).
   Dex:       It affects your dexterity (+6).
   rF:        It protects you from fire.
   rCorr:     It protects you from acid and corrosion.
 J - an amulet of faith (around neck)
Wands
 c - a wand of acid (1)
 g - a wand of digging (14)
 n - a wand of iceblast (10)
 t - a wand of flame (22)
 A - a wand of polymorph (8) (quivered)
 G - a wand of paralysis (5)
 I - a wand of mindburst (4)
Scrolls
 b - a scroll of brand weapon
 e - 3 scrolls of teleportation
 l - 4 scrolls of fog
 w - 5 scrolls of fear
 E - 4 scrolls of blinking
Potions
 f - 3 potions of invisibility
 h - 4 potions of curing
 i - 4 potions of flight
 j - 2 potions of mutation
 m - 3 potions of resistance
 q - a potion of might
 v - 6 potions of haste
 F - 2 potions of heal wounds
 H - 8 potions of ambrosia
Miscellaneous
 B - a tin of tremorstones (2/2)


   Skills:
 + Level 15.0 Fighting
 + Level 22.9 Polearms
 + Level 13.2 Armour
 + Level 8.1 Dodging
 * Level 8.7 Stealth
 + Level 4.8 Shields
 * Level 13.0 Evocations


You had 15 spell levels left.
You didn't know any spells.
Your spell library was empty.

Dungeon Overview and Level Annotations

Branches:
Dungeon (15/15)            Temple (0/1) D:5            Lair (6/6) D:8
  Swamp (0/4) Lair:2       Spider (0/4) Lair:3        Slime (0/5) Lair:5
    Orc (0/2) D:11         Vaults (0/5) D:13         Depths (0/4) D:15
 Bailey (visited)           IceCv (visited)         Gauntlet (visited)

Altars:
Ashenzari
Dithmenos
Elyvilon
Gozag
Okawaru
Qazlal
Ru
Sif Muna
Vehumet
Yredelemnul
Zin
The Shining One
Beogh
Jiyva


Innate Abilities, Weirdness & Mutations

((You are very nimble when in or above water. (Stealth+, EV+, Speed+++)))
Your lower body shifts to a powerful aquatic tail in water.
You possess an exceptional clarity of mind.


Message History

The death yak is almost dead.
The death yak gores you but does no damage.
You hit the death yak. You freeze the death yak.
You kill the death yak!
Trog accepts your kill.
Your Fighting skill increases to level 15!
You hit the death yak. You freeze the death yak.
The death yak is lightly wounded.
The death yak barely misses you.
The death yak gores you but does no damage.
You puncture the death yak! You freeze the death yak.
The death yak is moderately wounded.
Being near the torpor snail leaves you feeling lethargic.
You impale the death yak!! You freeze the death yak!
The death yak is heavily wounded.
The death yak gores you.
* * * LOW HITPOINT WARNING * * *
The death yak closely misses you.
You puncture the death yak! You freeze the death yak.
The death yak is severely wounded.
The death yak completely misses you.
You puncture the death yak! You freeze the death yak.
The death yak is almost dead.
The death yak misses you.
You barely miss the death yak.
The death yak is almost dead.
The death yak misses you. The death yak closely misses you.
You puncture the death yak! You freeze the death yak.
The death yak is almost dead.
The death yak barely misses you.
You puncture the death yak! You freeze the death yak.
You kill the death yak!
Trog accepts your kill. The death yak gores you.
* * * LOW HITPOINT WARNING * * *
The death yak closely misses you. The death yak closely misses you.
The death yak gores you!
* * * LOW HITPOINT WARNING * * *
The death yak gores you!
You die...

# #. ### ##.. ##.#
#############
#...P#.†####.##.##.##.#P
#.....Y.Y.............P.
.......@Y..............P
........................
........................
....w...................
........................
.....≈♣.................
....≈≈≈..........####.≈.
....≈♣.......#####≈....P
##≈≈....≈≈≈≈


You could see 3 death yaks and a torpor snail.

Vanquished Creatures
  Gastronok (Lair:2)
  A very ugly thing (D:15)
  A stone giant (D:10)
  A minotaur (Gauntlet)
  A blizzard demon (Gauntlet)
  Harold (Lair:1)
  A great orb of eyes (D:15)
  13 hydras
  4 boulder beetles
  A rakshasa (D:15)
  2 catoblepae
  A death knight (D:14)
  4 centaur warriors
  2 dancing weapons (D:13)
  5 two-headed ogres
  2 tengu warriors (D:14)
  5 death yaks (Lair:6)
  Urug (D:10)
  An orc high priest (Bailey)
  Sonja (D:11)
  A goliath frog (shapeshifter) (D:15)
  2 goliath frogs (Lair:6)
  2 bog bodies (IceCv)
  3 deep elf pyromancers
  4 orc knights
  3 manticores
  17 ugly things
  A worldbinder (Gauntlet)
  7 slime creatures
  4 cyclopes
  6 elephants
  A torpor snail (Lair:4)
  An ice statue (IceCv)
  18 cane toads
  7 black mambas
  A gargoyle (D:12)
  An unseen horror (D:10)
  5 komodo dragons
  An anaconda simulacrum (IceCv)
  5 kobold demonologists
  4 rime drakes
  5 yaktaurs (D:15)
  3 freezing wraiths
  An ice devil (Gauntlet)
  An efreet (D:10)
  An entropy weaver simulacrum (IceCv)
  A polar bear (shapeshifter) (D:14)
  A queen bee (Lair:2)
  6 tyrant leeches
  6 trolls
  2 polar bears
  A hornet (D:10)
  4 dream sheep (Lair:3)
  18 blink frogs
  A jumping spider (Lair:3)
  3 wraiths
  A spriggan (shapeshifter) (D:13)
  3 wyverns
  3 fire bats (Lair:6)
  3 steam dragons
  8 vampire mosquitoes
  4 basilisks
  44 yaks
  Eustachio (D:5)
  Grum (D:10)
  A death yak simulacrum (IceCv)
  A swamp worm (Lair:2)
  An acid dragon (D:10)
  2 harpy simulacra (IceCv)
  Duvessa (D:7)
  10 water moccasins
  Edmund (D:6)
  Pargi (D:3)
  18 orc warriors
  An ice beast (D:6)
  A sky beast (D:5)
  A black bear (D:4)
  2 boggarts (Gauntlet)
  6 ogres
  A necrophage (D:8)
  A phantom (D:6)
  38 wolves
  9 centaurs
  4 kobold brigands
  11 bullfrogs
  2 cane toad simulacra (IceCv)
  6 two-headed ogre simulacra (IceCv)
  4 scorpions
  Dowan (D:7)
  A water moccasin skeleton (D:6)
  34 killer bees
  3 elephant simulacra (IceCv)
  4 wights (D:9)
  6 electric eels
  5 howler monkeys
  4 centaur zombies
  10 orc priests
  3 hounds
  Crazy Yiuf (D:6)
  A centaur skeleton (D:5)
  3 jellies
  Jessica (D:3)
  Ijyb (D:3)
  An iguana (D:4)
  11 orc wizards
  6 troll simulacra (IceCv)
  4 polar bear simulacra (IceCv)
  2 spriggan simulacra (IceCv)
  5 wolf simulacra (IceCv)
  A killer bee zombie (D:9)
  A howler monkey zombie (D:9)
  Robin (D:3)
  3 gnolls (Bailey)
  4 naga simulacra (IceCv)
  7 adders
  A shadow imp (D:7)
  8 white imps
  7 ufetubi (IceCv)
  An adder skeleton (D:4)
  74 orcs
  8 endoplasms
  5 giant cockroaches
  18 goblins
  24 hobgoblins
  11 ball pythons
  6 bats
  4 frilled lizards
  17 kobolds
  6 rats
702 creatures vanquished.

Vanquished Creatures (collateral kills)
  2 gargoyles (Gauntlet)
  An orc (D:13)
3 creatures vanquished.

Vanquished Creatures (others)
  Blork the orc (D:5)
  13 fungi
  77 plants
91 creatures vanquished.

Grand Total: 796 creatures vanquished

Notes
Turn   | Place    | Note
-------+----------+-------------------------------------------
     0 | D:1      | cbfl8 the Merfolk Berserker began the quest for the Orb.
     0 | D:1      | Reached XP level 1. HP: 18/18 MP: 1/1
   215 | D:1      | Reached XP level 2. HP: 24/24 MP: 2/2
   265 | D:1      | Reached skill level 1 in Evocations
   678 | D:1      | Reached ** piety under Trog
  1084 | D:2      | Reached skill level 5 in Polearms
  1084 | D:2      | Reached XP level 3. HP: 29/29 MP: 3/3
  1626 | D:3      | Noticed Ijyb
  1634 | D:3      | Killed Ijyb
  1635 | D:3      | Reached XP level 4. HP: 35/35 MP: 4/4
  1665 | D:3      | Reached skill level 1 in Stealth
  1958 | D:3      | Noticed Pargi
  1968 | D:3      | Killed Pargi
  1969 | D:3      | Reached skill level 6 in Polearms
  1969 | D:3      | Reached XP level 5. HP: 42/42 MP: 5/5
  2414 | D:3      | Noticed Jessica
  2425 | D:3      | Killed Jessica
  2719 | D:3      | Reached XP level 6. HP: 48/48 MP: 6/6
  2723 | D:3      | Found a faded altar of an unknown god.
  2733 | D:3      | Noticed Robin
  2808 | D:3      | Killed Robin
  3459 | D:4      | Found a shadowy altar of Dithmenos.
  3472 | D:4      | Found a basalt altar of Yredelemnul.
  3480 | D:4      | Identified the ring of Hutzirch {+Blink rElec Dex+6}
  3501 | D:4      | Found a stormy altar of Qazlal.
  3647 | D:4      | Found an opulent altar of Gozag.
  3773 | D:4      | Noticed a black bear
  3780 | D:4      | Killed a black bear
  3781 | D:4      | Reached skill level 7 in Polearms
  4125 | D:5      | Entered Level 5 of the Dungeon
  4125 | D:5      | Noticed a wyvern
  4136 | D:4      | Killed a wyvern
  4137 | D:4      | Reached XP level 7. HP: 20/55 MP: 7/7
  4694 | D:5      | Found a staircase to the Ecumenical Temple.
  5047 | D:5      | Reached skill level 8 in Polearms
  5240 | D:5      | Reached XP level 8. HP: 61/61 MP: 8/8
  5440 | D:5      | Noticed Eustachio
  5441 | D:5      | Noticed Blork the orc
  5450 | D:5      | Killed Eustachio
  5497 | D:5      | Killed Blork the orc
  5498 | D:5      | Reached skill level 5 in Dodging
  6016 | D:5      | Found a shimmering blue altar of Sif Muna.
  6269 | D:6      | Found an iron altar of Okawaru.
  6499 | D:6      | Noticed Edmund
  6513 | D:6      | Killed Edmund
  6514 | D:6      | Reached skill level 5 in Fighting
  6514 | D:6      | Reached skill level 9 in Polearms
  7170 | D:6      | Reached XP level 9. HP: 68/68 MP: 9/9
  7288 | D:6      | Found a runed translucent door.
  7289 | D:6      | Noticed Crazy Yiuf
  7798 | D:6      | Killed Crazy Yiuf
  7907 | D:7      | Found a flagged portal.
  7907 | D:7      | Noticed Dowan
  7910 | D:7      | Noticed Duvessa
  7921 | D:7      | Killed Dowan
  7929 | D:7      | Killed Duvessa
  7930 | D:7      | Reached skill level 5 in Evocations
  7957 | Bailey   | Entered a bailey
  8296 | Bailey   | Reached skill level 10 in Polearms
  8518 | Bailey   | Acquired a manual of Polearms
  8536 | Bailey   | Acquired a +2 pair of boots of stealth
  8543 | Bailey   | Acquired a manual of Armour
  8562 | Bailey   | Noticed an orc high priest
  8566 | Bailey   | Killed an orc high priest
  8566 | Bailey   | Reached *** piety under Trog
  8567 | Bailey   | Reached skill level 11 in Polearms
  8567 | Bailey   | Reached skill level 5 in Armour
  8854 | Bailey   | Noticed an orc knight
  8861 | Bailey   | Reached skill level 12 in Polearms
  8875 | Bailey   | Killed an orc knight
  8876 | Bailey   | Reached skill level 13 in Polearms
  8876 | Bailey   | Reached XP level 10. HP: 45/79 MP: 10/10
  9700 | Bailey   | Found an iron altar of Okawaru.
  9700 | Bailey   | Noticed an orc knight
  9700 | Bailey   | Noticed a kobold demonologist
  9716 | Bailey   | Killed an orc knight
  9732 | Bailey   | Killed a kobold demonologist
  9733 | Bailey   | Reached skill level 14 in Polearms
 10019 | D:7      | Found a glowing silver altar of Zin.
 10020 | D:7      | Found a glowing golden altar of the Shining One.
 10021 | D:7      | Found a white marble altar of Elyvilon.
 10752 | D:8      | Noticed a manticore
 10756 | D:8      | Killed a manticore
 10870 | D:8      | Found a staircase to the Lair.
 11020 | D:8      | Reached XP level 11. HP: 77/87 MP: 11/11
 11092 | D:8      | Reached skill level 15 in Polearms
 11585 | D:8      | Reached **** piety under Trog
 11753 | D:9      | Found a sacrificial altar of Ru.
 11753 | D:9      | Found a broken altar of Ashenzari.
 11753 | D:9      | Found a radiant altar of Vehumet.
 12785 | D:10     | Entered Level 10 of the Dungeon
 12856 | D:10     | Noticed a two-headed ogre
 12865 | D:10     | Killed a two-headed ogre
 12866 | D:10     | Reached skill level 16 in Polearms
 12937 | D:10     | Noticed Grum
 12938 | D:10     | Noticed a two-headed ogre
 12953 | D:10     | Killed a two-headed ogre
 12962 | D:10     | Killed Grum
 13362 | D:10     | Reached skill level 17 in Polearms
 13858 | D:10     | Reached skill level 10 in Fighting
 13873 | D:10     | Noticed a two-headed ogre
 13883 | D:10     | Killed a two-headed ogre
 13906 | D:10     | Noticed a two-headed ogre
 13912 | D:10     | Killed a two-headed ogre
 13913 | D:10     | Reached XP level 12. HP: 31/97 MP: 12/12
 14231 | D:10     | Noticed a stone giant
 14423 | D:10     | Killed a stone giant
 14424 | D:10     | Reached skill level 18 in Polearms
 14934 | D:10     | Noticed a centaur warrior
 14945 | D:10     | Killed a centaur warrior
 15363 | D:10     | Noticed Urug
 15373 | D:10     | Killed Urug
 15868 | D:11     | Reached skill level 10 in Armour
 16290 | D:11     | Found a staircase to the Orcish Mines.
 16306 | D:11     | Reached ***** piety under Trog
 16647 | D:11     | Noticed Sonja
 16650 | D:11     | Killed Sonja
 16651 | D:11     | Reached skill level 19 in Polearms
 17015 | D:12     | Noticed a centaur warrior
 17022 | D:12     | Killed a centaur warrior
 17023 | D:12     | Reached skill level 10 in Evocations
 17353 | D:12     | Reached XP level 13. HP: 99/107 MP: 13/13
 18356 | D:13     | Found a frozen archway.
 18455 | D:13     | Found a gate leading to a gauntlet.
 18466 | Gauntlet | Entered a Gauntlet
 18466 | Gauntlet | Found a transporter.
 18466 | Gauntlet | Found a transporter.
 18466 | Gauntlet | Found a transporter.
 18467 | Gauntlet | Found a transporter.
 18470 | Gauntlet | Found a transporter.
 18471 | Gauntlet | Found a transporter.
 18484 | Gauntlet | Found a transporter.
 18488 | Gauntlet | Found a transporter.
 18488 | Gauntlet | Found a transporter.
 18488 | Gauntlet | Found a transporter.
 18500 | Gauntlet | Noticed a blizzard demon
 18503 | Gauntlet | Found a transporter.
 18503 | Gauntlet | Found a transporter.
 18900 | Gauntlet | Killed a blizzard demon
 18918 | Gauntlet | Identified the ring "Zoutz" {rF+ rCorr Str+2 Dex+6}
 18988 | Gauntlet | Noticed a minotaur
 18995 | Gauntlet | Killed a minotaur
 19052 | IceCv    | Entered an ice cave
 19330 | IceCv    | Reached skill level 20 in Polearms
 20824 | IceCv    | Found the +7 great mace "Undeadhunter" {disrupt, rN+}
 20957 | D:13     | Found a gate to the Vaults.
 22779 | D:13     | Reached skill level 21 in Polearms
 22850 | D:14     | Reached XP level 14. HP: 116/116 MP: 14/14
 24024 | D:15     | Entered Level 15 of the Dungeon
 24404 | D:15     | Found a staircase to the Depths.
 24765 | D:15     | Paralysed by a great orb of eyes for 5 turns
 24901 | D:15     | Noticed a cyan very ugly thing
 24916 | D:15     | Killed a cyan very ugly thing
 25500 | D:15     | Reached skill level 5 in Stealth
 25500 | D:15     | Reached skill level 1 in Shields
 25858 | Lair:1   | Entered Level 1 of the Lair of Beasts
 26431 | Lair:1   | Noticed Harold
 26444 | Lair:1   | Killed Harold
 26902 | Lair:2   | Reached skill level 22 in Polearms
 26924 | Lair:2   | Received a gift from Trog
 27150 | Lair:2   | Reached XP level 15. HP: 119/126 MP: 13/15
 27442 | Lair:2   | Found a staircase to the Swamp.
 27749 | Lair:2   | Noticed Gastronok
 27760 | Lair:2   | Killed Gastronok
 28043 | Lair:3   | Found a hole to the Spider Nest.
 29825 | Lair:4   | Received a gift from Trog
 30651 | Lair:5   | Found a runed translucent door.
 30651 | Lair:5   | Found a viscous altar of Jiyva.
 30652 | Lair:5   | Found a staircase to the Slime Pits.
 31185 | Lair:5   | Gained mutation: You are partially covered in iridescent
                  | scales. (AC +2) [potion of mutation]
 31185 | Lair:5   | Gained mutation: You are weak. (Str -2) [potion of
                  | mutation]
 31185 | Lair:5   | Gained mutation: You possess an exceptional clarity of
                  | mind. [potion of mutation]
 31187 | Lair:6   | Entered Level 6 of the Lair of Beasts
 31560 | Lair:6   | Found the -2 hat of the Alchemist {rElec rPois rF+ rC+ rN+
                  | Will+ rMut rCorr}
 31620 | Lair:6   | Received a gift from Trog
 31827 | Lair:6   | Identified the +7 chain mail of the Untouchables {Int+5}
 31835 | Lair:6   | Reached XP level 16. HP: 130/134 MP: 16/16
 31881 | Lair:6   | Lost mutation: You are weak. (Str -2) [potion of mutation]
 31881 | Lair:6   | Lost mutation: You are partially covered in iridescent
                  | scales. (AC +2) [potion of mutation]
 32128 | Lair:6   | Reached skill level 15 in Fighting
 32136 | Lair:6   | HP: 8/204 [death yak (14)]
 32136 | Lair:6   | Slain by a death yak

Illustrated notes

Levels and vault maps discovered:
D:1:      lemuel_arrival_funnel, layout_loops_ring, serial_bayou_pond_c
D:2:      layout_basic, serial_curves, eino_curves_03, eino_curves_04
D:3:      corexii_shack_village, layout_basic,
          nicolae_ecumenical_snake_handling, uniq_pargi, uniq_ijyb, uniq_robin,
          uniq_jessica
D:4:      layout_rooms, nicolae_overflow_crystal_walls,
          nicolae_qazlal_general_emergency, grunt_gozag_breadcrumbs,
          kennysheep_mini_moat, corexii_hall_statues_deadend
D:5:      layout_rooms, tgw_sif, temple_statues, minmay_misc_feat_cross,
          grunt_ministairs_2, uniq_eustachio
D:6:      layout_loops_ring, mainiacjoe_overflow_chevrons, uniq_edmund,
          uniq_crazy_yiuf_cottage
D:7:      layout_loops_cross, good_gods_temple_1, enter_bailey_2,
          minmay_statues_item, kennysheep_flooded_box, uniq_duvessa
D:8:      layout_basic, erik_lair_island, special_room [special_room_orc],
          minmay_misc_feat_secret_circle, hangedman_decor_slide_cut
D:9:      layout_stronghold, gammafunk_temple_overflow_claw,
          minmay_misc_feat_nine_boxes
D:10:     nzn_winding_woodlands_medium [nzn_winding_woodlands_5x5_three,
          nzn_winding_woodlands_5x15_eye,
          nzn_winding_woodlands_5x5_checkerboard,
          nzn_winding_woodlands_5x5_open_star,
          nzn_winding_woodlands_center_triple_pond,
          nzn_winding_woodlands_hourglass, nzn_winding_woodlands_5x5_cross,
          nzn_winding_woodlands_5x15_lazy_stream,
          nzn_winding_woodlands_5x5_closed_star], layout_basic, uniq_grum,
          uniq_urug
D:11:     layout_cave_pools, david_orc_2, uniq_sonja
D:12:     layout_roguey
D:13:     layout_roguey, erik_vaults_1, portal_ice_cave_entry_pillars_1,
          special_room [special_room_orc], gauntlet_entry_generic
D:14:     layout_basic, serial_corexii_hall, chequers_hall_statues_wall_a,
          chequers_hall_statues_wall_a, minivault_11
D:15:     gammafunk_enter_depths_forms, layout_basic, hangedman_decor_push
Lair:1:   layout_regular_city, st_stairs_11, uniq_harold
Lair:2:   layout_roguey [special_room_bee], minmay_swamp_entry_worms,
          nicolae_quartered_pool_medium, grunt_megastairs_5, uniq_gastronok
Lair:3:   layout_big_grid, spider_nest_entry_rubble
Lair:4:   layout_loops_ring, grunt_megastairs_1
Lair:5:   layout_small_grid, slime_altar_2, grunt_forest_large_clearings
Lair:6:   minmay_lair_end_frog_pond, layout_gridlike, minivault_24,
          serial_bayou_pond_d, chequers_serial_rivers_large_b, st_stairs_5,
          serial_bayou_pond_e

Skill      XL: |  1  2  3  4  5  6  7  8  9 10 11 12 13 14 15 16 |
---------------+-------------------------------------------------+-----
Evocations     | 1 2 3 4 6 7 8 10 11 12 13 | 13.0
Polearms       | 5 6 7 8 9 13 14 17 19 21 22 | 22.9
Dodging        | 3 4 5 6 7 8 |  8.1
Stealth        | 1 2 6 8 |  8.7
Armour         | 2 3 4 6 7 9 11 12 13 | 13.2
Fighting       | 4 5 7 8 10 11 12 14 15 | 15.0
Shields        | 1 4 |  4.8

Action                   |  1- 3 |  4- 6 |  7- 9 | 10-12 | 13-15 | 16-18 || total
-------------------------+-------+-------+-------+-------+-------+-------++-------
Melee: Spear             |   131 |   222 |   160 |       |       |       ||   513
       Punch             |     2 |       |     5 |     4 |     5 |       ||    16
       Trident           |       |       |   110 |       |       |       ||   110
       Tailslap          |       |       |     8 |       |    11 |       ||    19
       Demon trident     |       |       |   100 |   616 |  1263 |    66 ||  2045
Invok: Berserk           |     1 |     4 |     9 |     7 |    14 |     1 ||    36
       Trog's Hand       |       |     1 |     2 |     8 |     7 |       ||    18
       Brothers in Arms  |       |       |       |       |     2 |       ||     2
 Abil: Evoke Blink       |       |       |       |       |     2 |       ||     2
Evoke: Wand              |       |       |     4 |    16 |    11 |       ||    31
  Use: Scroll            |     3 |     3 |     5 |    11 |    20 |     1 ||    43
       Potion            |       |       |     1 |     2 |     4 |     1 ||     8
 Stab: Sleeping          |     4 |       |       |       |    15 |     3 ||    22
       Distracted        |       |       |       |       |     6 |       ||     6
Armor: Animal skin       |     3 |       |       |       |       |       ||     3
       Leather armour    |    19 |     4 |       |       |       |       ||    23
       Scale mail        |       |    71 |    71 |       |       |       ||   142
       Chain mail        |       |       |    12 |    20 |   409 |    28 ||   469
       Plate armour      |       |       |       |   244 |    44 |       ||   288
       Ice dragon scales |       |       |       |       |    17 |       ||    17
Dodge: Dodged            |    39 |   100 |   178 |   193 |   634 |    29 ||  1173
Block: Buckler           |       |       |       |       |   240 |    22 ||   262
